 Dungeon Crawl Stone Soup version 0.27-a0-577-ge2a43ba0c9 (webtiles) character file.

Game seed: 477440214808752360

2 Goblin1989 the Sneak (level 1, 0/18 HPs)
             Began as a Demonspawn Delver on Mar 10, 2021.
             Succumbed to a worker ant's poison
             ... on level 5 of the Dungeon.
             The game lasted 00:00:53 (53 turns).

Goblin1989 the Sneak (Demonspawn Delver)              Turns: 53, Time: 00:00:53

Health: 0/18       AC:  3    Str: 12    XL:     1   Next: 25%
Magic:  1/1        EV: 11    Int: 11    God:
Gold:   0          SH:  0    Dex: 14    Spells: 0/0 levels left

rFire    . . .     SeeInvis .   a - +0 short sword
rCold    . . .     Faith    .   (no shield)
rNeg     . . .     Spirit   .   b - +0 leather armour
rPois    .         Reflect  .   (no helmet)
rElec    .         Harm     .   (no cloak)
rCorr    .         Rampage  .   (no gloves)
Will     .....                  (no boots)
Stlth    ++........             (no amulet)
HPRegen  0.06/turn              (no ring)
MPRegen  0.07/turn              (no ring)

@: lethally poisoned (0 -> -6)
A: no striking features
a: no special abilities


You were on level 5 of the Dungeon.
You visited 1 branch of the dungeon, and saw 1 of its levels.

Inventory:

Hand Weapons
 a - a +0 short sword (weapon)
Armour
 b - a +0 leather armour (worn)
Scrolls
 c - a scroll of fog
 e - a scroll of fear
 M - a scroll of magic mapping
Potions
 f - a potion of haste {@q3,}


   Skills:
 - Level 3.0 Fighting
 * Level 1.9 Short Blades
 - Level 1.7 Dodging
 + Level 4.5 Stealth


You couldn't memorise any spells.
You didn't know any spells.
Your spell library was empty.

Dungeon Overview and Level Annotations

Branches:
Dungeon (5/15)
 Temple: D:4-7

Altars:


Message History

You hear the sound of rushing water.
There is an entrance to a sewer on this level.
Hurry and find it before the portal rusts away!
You become an orb of ice!
Welcome, Goblin1989 the Demonspawn Delver.
The bosom of this dungeon contains the legendary artefact, the Orb of Zot.
Press ? for a list of commands and other information.
Found a lumpy silvery potion and a scroll labelled MEG NI SEGGOUSH.
Found a stone staircase leading down.
Found a flail.
An adder comes into view.
There is a stone staircase leading down here.
Aiming: Dig
Press: ? - help, Shift-Dir - straight line A rock wall.
The rock shatters into small pieces.
Sorry, you're not good enough to have a special ability.
Sorry, you're not good enough to have a special ability.
Aiming: Dig
Press: ? - help, Shift-Dir - straight line A rock wall.
The rock shatters into small pieces.
Aiming: Dig
Press: ? - help, Shift-Dir - straight line A rock wall.
The rock shatters into small pieces.
The now-empty wand crumbles to dust.
A leopard gecko comes into view.
The helpless leopard gecko fails to defend itself.
You puncture the leopard gecko!
You kill the leopard gecko!
A worker ant comes into view.
Found an escape hatch in the ceiling.
Found a sedimented yellow potion and a dagger.
Found 11 gold pieces.
Found a scroll of magic mapping.
A quokka comes into view.
The worker ant bites you.
You take 5 damage, and have 13/18 hp.
MASSIVE DAMAGE!!
You barely miss the worker ant. The worker ant barely misses you.
You barely miss the worker ant. The worker ant bites you.
You take 1 damage, and have 12/18 hp.
You hit the worker ant.
The worker ant is lightly wounded.
The worker ant closely misses you.
You hit the worker ant.
The worker ant is moderately wounded.
The worker ant bites you.
You take 1 damage, and have 11/18 hp.
You hit the worker ant.
The worker ant is moderately wounded.
You hear the slow rusting of a very distant drain.
The worker ant bites you.
* * * LOW HITPOINT WARNING * * *
The worker ant bites you.
* * * LOW HITPOINT WARNING * * *
You are lethally poisoned!
The worker ant poisons you!
You take 9 damage, and have 2/18 hp.
MASSIVE DAMAGE!!
You hit the worker ant but do no damage.
The worker ant is moderately wounded.
* * * LOW HITPOINT WARNING * * *
You feel sick. The worker ant misses you.
You take 1 damage, and have 1/18 hp.
You barely miss the worker ant.
The worker ant is moderately wounded.
The quokka misses you. The worker ant barely misses you.
You hit the worker ant but do no damage.
The worker ant is moderately wounded.
You die...

█.████ █..... █....
█..? █..██ █...█
███████▲███...█████
..........B@r......
.......<......)$...
..................
..!...............
███........█.....
█........█.....
█........█ ....
█........█ ....
█........█.


You could see a worker ant and a quokka.

Vanquished Creatures
  A leopard gecko (D:5)
1 creature vanquished.

Notes
Turn   | Place    | Note
-------+----------+-------------------------------------------
     0 | D:5      | Goblin1989 the Demonspawn Delver began the quest for the
                  | Orb.
     0 | D:5      | Reached XP level 1. HP: 18/18 MP: 1/1
    35 | D:5      | Noticed a worker ant
    53 | D:5      | Succumbed to a worker ant's poison

Illustrated notes

Levels and vault maps discovered:
D:5:      layout_basic, lemuel_doored_altar, portal_sewer_entry_e, tso_altar

Action                   || total
-------------------------++-------
Melee: Short sword       ||     9
Evoke: Wand              ||     3
 Stab: Sleeping          ||     1
Dodge: Dodged            ||     5

Table legend: (Time is in decaauts)
 A = Elapsed time spent in this place.
 B = Non-inter-level travel time spent in this place.
 C = Inter-level travel time spent in this place.
 D = Time resting spent in this place.
 E = Time spent auto-exploring this place.
 F = Levels seen in this place.
 G = Mean time per level.
                   A        B        C        D        E       F      G
               +--------+--------+--------+--------+--------+-----+--------+
         Total |     53 |     53 |      0 |      0 |      0 |   1 |   53.0 |
       Dungeon |     53 |     53 |      0 |      0 |      0 |   1 |   53.0 |
               +--------+--------+--------+--------+--------+-----+--------+

Top non-repeatable levels by time:
     D:5: 53 daAuts
